Map: Catalyst LE

Players

Hurricane - Winner!

  • Race: Protoss Protoss
  • Spawn Location: 5:00

Patience

  • Race: Protoss Protoss
  • Spawn Location: 11:00

Event: IEM Season 12 - Katowice

VOD

Have the link to the VOD?

Description

Time

  • Played on: Feb. 27, 2018, 11:39 a.m.
  • Length: 9:17

All games in this series

Show
View Real Time Build Order
Export as new Build Order

Hurricane Protoss - Winner!

Build Orders:  

Get SALT Encoding   

  12  0:00  Probe  
  13  0:12  Probe  
  14  0:17  Pylon  
  14  0:25  Probe (Chrono Boost)  
  15  0:37  Probe (Chrono Boost), Gateway  
  16  0:44  Probe (Chrono Boost)  
  16  0:46  Assimilator  
  17  0:51  Probe  
  17  0:56  Assimilator  
  18  1:03  Probe (Chrono Boost)  
  19  1:09  Gateway  
  19  1:13  Probe (Chrono Boost)  
  19  1:18  Probe  
  21  1:26  Cybernetics Core  
  21  1:30  Probe  
  22  1:37  Pylon  
  22  1:42  Probe  
  23  1:55  Probe  
  24  2:02  Warp Gate, Sentry, Stalker  
  28  2:14  Pylon  
  28  2:24  Robotics Facility  
  28  2:33  Stalker  
  32  3:09  Nexus  
  32  3:12  Immortal (Chrono Boost)  
  33  3:20  Sentry  
  33  3:21  Sentry  
  37  3:30  Pylon  
  37  3:41  Warp Prism (Chrono Boost)  
  39  3:48  Pylon  
  39  4:03  Gateway  
  39  4:11  Sentry x2  
  39  4:14  Pylon  
  44  4:17  Observer  
  44  4:18  Probe  
  44  4:21  Probe  
  46  4:44  Stalker x2  
  50  5:09  Stalker x2  
  50  5:10  Sentry  
  50  5:24  Probe x2 (Chrono Boost)  
  50  5:26  Adept  
  50  5:32  Sentry x2  
  50  5:35  Probe x2 (Chrono Boost)  
  56  5:40  Probe x2 (Chrono Boost)  
  54  5:49  Immortal  
  58  5:50  Probe  
  58  5:51  Probe  
  60  6:03  Probe x2, Adept  
  60  6:04  Assimilator  
  64  6:15  Probe x2  
  64  6:17  Twilight Council  
  66  6:21  Pylon  
  66  6:24  Pylon  
  66  6:27  Stalker  
  66  6:31  Probe x2  
  68  6:51  Immortal (Chrono Boost)  
  68  6:53  Resonating Glaives (Chrono Boost)  
  74  6:58  Gateway x2  
  72  7:03  Gateway  
  72  7:05  Gateway  
  72  7:13  Adept x2, Sentry  
  78  7:16  Pylon  
  78  7:32  Probe x2  
  78  7:36  Adept x3, Pylon  
  86  7:51  Pylon  
  86  7:54  Adept x2  
  86  7:56  Adept  
  86  7:57  Adept x2, Pylon  
  96  8:10  Adept x2  
  98  8:24  Adept x2, Sentry x2  
  98  8:26  Adept  
  94  8:36  Adept x2  
  80  8:48  Adept  
  80  8:49  Adept x3, Sentry  
  90  9:02  Adept x2  
  92  9:10  Adept x4  
Show
View Real Time Build Order
Export as new Build Order

Patience Protoss 

Build Orders:  

Get SALT Encoding   

  12  0:00  Probe  
  13  0:13  Probe  
  14  0:17  Pylon  
  14  0:25  Probe (Chrono Boost)  
  16  0:37  Probe (Chrono Boost)  
  16  0:39  Gateway  
  16  0:42  Probe (Chrono Boost)  
  16  0:46  Assimilator  
  17  0:51  Probe (Chrono Boost)  
  17  0:55  Assimilator  
  18  1:03  Probe (Chrono Boost)  
  19  1:08  Gateway  
  19  1:11  Probe (Chrono Boost)  
  20  1:18  Probe  
  21  1:26  Cybernetics Core  
  21  1:30  Probe  
  22  1:35  Pylon  
  22  1:42  Probe  
  23  1:54  Probe  
  24  2:02  Stalker  
  24  2:03  Stalker  
  24  2:04  Warp Gate  
  24  2:07  Probe  
  29  2:13  Shield Battery  
  29  2:16  Pylon  
  29  2:24  Pylon  
  29  2:29  Probe  
  30  2:36  Stalker (Chrono Boost)  
  32  2:40  Stalker (Chrono Boost)  
  34  3:03  Stalker (Chrono Boost)  
  36  3:05  Stalker (Chrono Boost)  
  38  3:14  Pylon  
  38  3:28  Nexus  
  38  3:32  Shield Battery  
  38  3:36  Sentry  
  38  3:39  Sentry  
  38  3:41  Probe  
  43  3:53  Robotics Facility  
  40  4:05  Gateway  
  39  4:15  Sentry, Stalker  
  43  4:20  Probe  
  44  4:26  Shield Battery  
  44  4:41  Immortal (Chrono Boost)  
  48  4:47  Sentry, Stalker  
  52  4:56  Shield Battery  
  52  5:08  Sentry  
  52  5:10  Zealot x2  
  52  5:12  Pylon  
  55  5:30  Stalker x2  
  55  5:32  Stalker  
  57  5:43  Probe x2, Warp Prism (Chrono Boost)  
  61  5:55  Probe x2  
  63  6:01  Pylon  
  63  6:07  Probe x2  
  65  6:12  Observer (Chrono Boost)  
  66  6:19  Probe x2  
  66  6:20  Twilight Council  
  66  6:23  Forge  
  68  6:31  Probe, Immortal (Chrono Boost)  
  68  6:32  Probe  
  74  6:42  Assimilator  
  74  6:43  Probe  
  74  6:44  Probe  
  70  6:55  Assimilator  
  70  6:57  Probe  
  70  6:58  Pylon  
  70  7:01  Protoss Ground Weapons Level 1  
  71  7:02  Resonating Glaives, Warp Prism (Chrono Boost)  
  73  7:16  Gateway  
  73  7:17  Gateway  
  73  7:31  Gateway  
  73  7:35  Gateway  
  73  7:36  Immortal (Chrono Boost)  
  76  7:47  Templar Archives  
  76  7:49  Adept  
  76  7:50  Sentry  
  80  7:54  Adept  
  82  8:00  Pylon  
  82  8:04  Dark Shrine  
  82  8:07  Observer (Chrono Boost)  
  83  8:20  Adept x5  
  81  8:40  Sentry  
  71  8:42  Adept x3  
  71  8:47  Adept  
  62  9:03  Adept x3  
  62  9:04  Adept  

Tags
 
Add a new tag
Caveats
  • Supply blocks, unpowered buildings, or Contaminate may cause inaccurate times.
  • Supply counts are checked every 10 seconds.